 Dungeon Crawl Stone Soup version 0.28-a0-657-g71136c5590 (webtiles) character file.

Game seed: 15448860078270581439

356 KoroneIsBestGirl the Shield-Bearer (level 6, -7/50 HPs)
             Began as a Formicid Fighter on Oct 14, 2021.
             Mangled by a mummy (15 damage)
             ... in an ossuary.
             The game lasted 00:03:29 (3345 turns).

KoroneIsBestGirl the Shield-Bearer (FoFi)           Turns: 3345, Time: 00:03:29

Health: -7/50      AC:  9    Str: 22    XL:     6   Next: 96%
Magic:  6/6        EV:  9    Int:  7    God:
Gold:   119        SH:  5    Dex: 11    Spells: 5/5 levels left

rFire   . . .      SeeInvis +   a - +0 long sword
rCold   . . .      Faith    .   c - +0 buckler
rNeg    . . .      Spirit   .   b - +0 scale mail
rPois   .          Reflect  .   (helmet unavailable)
rElec   .          Harm     .   (no cloak)
rCorr   .          Rampage  .   (no gloves)
Will    .....                   w - +1 pair of boots
Stlth   ..........              (no amulet)
HPRegen 0.16/turn               (no ring)
MPRegen 0.10/turn               (no ring)

@: mighty
A: permanent stasis, dig shafts and tunnels, antennae 3, four strong arms
a: Dig


You were in an ossuary.
You visited 1 branch of the dungeon, and saw 4 of its levels.
You also visited: Ossuary.

You collected 140 gold pieces.
You spent 21 gold pieces at shops.

Inventory:

Hand Weapons
 a - a +0 long sword (weapon)
Armour
 b - a +0 scale mail (worn)
 c - a +0 buckler (worn)
 w - a +1 pair of boots (worn)
Jewellery
 j - a ring of fire
Wands
 l - a wand of flame (14)
Scrolls
 g - a scroll of noise {unknown}
 i - a scroll of enchant weapon {unknown}
 n - a scroll of fear {unknown}
 o - 2 scrolls of teleportation {unknown}
 p - a scroll of identify {unknown}
 q - a scroll of amnesia {unknown}
 s - 4 scrolls of immolation {unknown}
 t - a scroll of enchant armour {unknown}
 u - a scroll of blinking {unknown}
Potions
 e - 3 potions of heal wounds {unknown}
 f - a potion of curing {unknown}
 h - 2 potions of attraction {unknown}
 k - a potion of flight {unknown}
 m - a potion of mutation {unknown}
 r - a potion of degeneration {unknown}
 v - a potion of brilliance {unknown}


   Skills:
 + Level 4.8 Fighting
 + Level 3.8 Long Blades
 + Level 4.8 Armour
 + Level 5.3 Shields


You had 5 spell levels left.
You didn't know any spells.
Your spell library was empty.

Dungeon Overview and Level Annotations

Branches:
Dungeon (4/15)            Ossuary (1/1)
 Temple: D:4-7

Altars:
Hepliaklqana
Kikubaaqudgha

Shops:
D:3 *

Portals:
Abyss: D:3

Annotations:
D:3 2 transporters, Maken's ghost, amateur GnEE


Innate Abilities, Weirdness & Mutations

You cannot be hasted, slowed, berserked, paralysed or teleported.
You can dig through walls and to a lower floor.
You have a pair of large antennae on your head. (SInv)
Your four strong arms can wield two-handed weapons with a shield.


Message History

You are too injured to fight recklessly!
You are too injured to fight recklessly!
You are too injured to fight recklessly!
You are too injured to fight recklessly!
You are too injured to fight recklessly!
You are too injured to fight recklessly!
You are too injured to fight recklessly!
You are too injured to fight recklessly!
You are too injured to fight recklessly!
You are too injured to fight recklessly!
You are too injured to fight recklessly!
You are too injured to fight recklessly!
You are too injured to fight recklessly!
You are too injured to fight recklessly!
You are too injured to fight recklessly!
You are too injured to fight recklessly!
You are too injured to fight recklessly!
You are too injured to fight recklessly!
You are too injured to fight recklessly!
You are too injured to fight recklessly!
You are too injured to fight recklessly!
You are too injured to fight recklessly!
You are too injured to fight recklessly!
You are too injured to fight recklessly!
The hobgoblin zombie completely misses you.
You are too injured to fight recklessly!
You are too injured to fight recklessly!
You are too injured to fight recklessly!
You barely miss the hobgoblin zombie. The hobgoblin zombie hits you.
You barely miss the hobgoblin zombie. You hit the mummy but do no damage.
You barely miss the mummy. You hit the mummy but do no damage.
The mummy hits you!
* * * LOW HITPOINT WARNING * * *
You hit the mummy.
The mummy is lightly damaged.
The mummy hits you but does no damage.
You feel very mighty all of a sudden. The mummy hits you!
You die...

###################
..................#
..................#
{......8..8........#
..................#
.######..######...#
#....#^.# #...#
#@#..#^.# #...#
#M####.^####.#...#
#ZZ{{........#...#
#ZZZ....####.#...# {
#Z......#{{ #...#
{#.......#{{{ #...#
{ #.....∩.# #...#
{####'....... #...#
{ {.#...#### #...#


You could see a mummy, an adder zombie, a goblin zombie, a hobgoblin zombie, an
elf zombie, a centaur zombie and a human zombie.

Vanquished Creatures
  A phantom (D:4)
  2 orc priests (D:3)
  A human zombie (Ossuary)
  Jessica (D:2)
  An iguana (D:4)
  A gnoll (D:1)
  4 adders
  A worm (D:3)
  2 dart slugs (D:1)
  3 orcs
  6 bats
  3 endoplasms
  3 giant cockroaches
  5 goblins
  9 jackals
  5 kobolds (D:1)
  5 quokkas
  6 ball pythons
  5 frilled lizards
  8 hobgoblin zombies (Ossuary)
  A jackal zombie (Ossuary)
  6 kobold zombies (Ossuary)
  2 orc zombies (Ossuary)
  12 rats
  A rat zombie (Ossuary)
94 creatures vanquished.

Notes
Turn   | Place    | Note
-------+----------+-------------------------------------------
     0 | D:1      | KoroneIsBestGirl the Formicid Fighter began the quest for
                  | the Orb.
     0 | D:1      | Reached XP level 1. HP: 18/18 MP: 1/1
   157 | D:1      | Reached XP level 2. HP: 23/24 MP: 2/2
   355 | D:1      | Reached skill level 4 in Shields
   407 | D:1      | Reached XP level 3. HP: 29/29 MP: 3/3
   911 | D:1      | Reached XP level 4. HP: 37/37 MP: 4/4
  1308 | D:2      | Noticed Jessica
  1314 | D:2      | Killed Jessica
  1520 | D:2      | Reached XP level 5. HP: 28/42 MP: 5/5
  1802 | D:3      | Found Merr's Assorted Antiques.
  1815 | D:3      | Bought a scroll labelled ZUESIUZ EKAENAO for 21 gold pieces
  1890 | D:3      | Noticed a small abomination
  1900 | D:3      | Found a one-way gate to the infinite horrors of the Abyss.
  1900 | D:3      | Noticed Maken's ghost (amateur GnEE)
  1918 | D:3      | Found a transporter.
  1975 | D:3      | Found a transporter.
  1975 | D:3      | Noticed a small abomination
  1989 | D:3      | Found a faded altar of an unknown god.
  2450 | D:3      | Reached XP level 6. HP: 22/49 MP: 6/6
  2966 | D:4      | Reached skill level 5 in Shields
  3095 | D:4      | Found an ancient bone altar of Kikubaaqudgha.
  3122 | D:4      | Found a hazy altar of Hepliaklqana.
  3208 | D:4      | Found a sand-covered staircase.
  3218 | Ossuary  | Entered an ossuary
  3345 | Ossuary  | Mangled by a mummy

Illustrated notes

Levels and vault maps discovered:
D:1:      nagdon_arrival_double_spiral, layout_loops_corners, minivault_4,
          hangedman_abyss_or_decor_stabs, minmay_tetromino_t4
D:2:      layout_basic, uniq_jessica
D:3:      layout_basic, serial_shops, shop,
          hellmonk_ecumenical_altar_arch_garden, gammafunk_ghost_abyssal_escape
D:4:      layout_cave_pods, mainiacjoe_overflow_catwalk,
          grunt_temple_overflow_growth_and_decay,
          nicolae_ossuary_entry_monument,
          hangedman_abyss_or_decor_jellyfish_corner
Ossuary:  ossuary_tomb_1

Skill      XL: |  1  2  3  4  5  6 |
---------------+-------------------+-----
Shields        | 4 5 |  5.3
Armour         | 4 |  4.8
Fighting       | 4 |  4.8
Long Blades    | 3 |  3.8

Action                   |  1- 3 |  4- 6 || total
-------------------------+-------+-------++-------
Melee: Long sword        |    71 |   207 ||   278
  Use: Potion            |       |     1 ||     1
Armor: Scale mail        |    30 |    86 ||   116
Dodge: Dodged            |    23 |    73 ||    96
Block: Buckler           |    15 |    59 ||    74

Table legend: (Time is in decaauts)
 A = Elapsed time spent in this place.
 B = Non-inter-level travel time spent in this place.
 C = Inter-level travel time spent in this place.
 D = Time resting spent in this place.
 E = Time spent auto-exploring this place.
 F = Levels seen in this place.
 G = Mean time per level.
                   A        B        C        D        E       F      G
               +--------+--------+--------+--------+--------+-----+--------+
         Total |   3413 |   3263 |    150 |      0 |   2628 |   5 |  682.6 |
       Dungeon |   3271 |   3121 |    150 |      0 |   2603 |   4 |  817.8 |
       Ossuary |    141 |    141 |      0 |      0 |     25 |   1 |  141.0 |
               +--------+--------+--------+--------+--------+-----+--------+

Top non-repeatable levels by time:
     D:1: 1329 daAuts
     D:3: 1188 daAuts
     D:2: 454 daAuts
     D:4: 299 daAuts
 Ossuary: 141 daAuts
